 Dungeon Crawl Stone Soup version 0.31-a0-229-g1fc7ce93e2 (webtiles) character file.

Game seed: 11801350127149175813

81 qw the Shooter (level 4, -2/26 HPs)
             Began as a Gargoyle Hexslinger on July 6, 2023.
             Slain by a water moccasin (5 damage)
             ... on level 3 of the Dungeon.
             The game lasted 00:00:36 (1488 turns).

qw the Shooter (Gargoyle Hexslinger)                Turns: 1488, Time: 00:00:37

Health: -2/26      AC:  9    Str: 11    XL:     4   Next: 40%
Magic:  5/5        EV: 10    Int: 14    God:
Gold:   6          SH:  0    Dex: 14    Spells: 4/5 levels left

rFire   . . .        Y - +1 sling
rCold   . . .        (no shield)
rNeg    + . .        f - +0 ring mail
rPois   inf          (no helmet)
rElec   +            (no cloak)
rCorr   .            (no gloves)
SInv    .            j - +0 pair of boots
Will    .....        e - amulet of the acrobat
Stlth   +            (no ring)
HPRegen 0.24/turn    (no ring)
MPRegen 0.09/turn

%: acrobat
@: no status effects
A: sickness immunity, AC +3, negative energy resistance 1, electricity
resistance, torment resistance 1, petrification resistance
a: no special abilities


You were on level 3 of the Dungeon.
You visited 1 branch of the dungeon, and saw 3 of its levels.

You collected 126 gold pieces.
You spent 120 gold pieces at shops.


Innate Abilities, Weirdness & Mutations

You are immune to sickness and miasma.
Your stone body is resilient. (AC +3)
You are immune to poison.
You resist negative energy. (rN+)
You are resistant to electric shocks. (rElec)
You are resistant to unholy torment.
You are immune to petrification.


   Skills:
 - Level 2.0 Fighting
 + Level 4.0 Ranged Weapons
 - Level 1.0 Armour
 - Level 1.5 Dodging
 - Level 1.0 Spellcasting
 - Level 2.6 Hexes


You had 4 spell levels left.
You knew the following spells:

 Your Spells              Type           Power      Damage    Failure   Level
a - Slow                  Hex            32%        N/A       21%         1

Your spell library contained the following spells:

 Spells                   Type           Power      Damage    Failure   Level
 Inner Flame              Hex/Fire       4%         N/A       71%         3
 Portal Projectile        Hex/Tloc       8%         N/A       71%         3
 Cause Fear               Hex            4%         N/A       90%         4

Inventory:

Hand Weapons
 Y - a +1 sling (weapon)
Armour
 f - a +0 ring mail (worn)
 j - a +0 pair of boots (worn)
Jewellery
 e - an amulet of the acrobat (around neck)
Scrolls
 c - a scroll of identify
Potions
 b - a potion of might {unknown}
 g - a potion of mutation {unknown}
 h - a potion of curing {unknown}

Dungeon Overview and Level Annotations

Branches:
Dungeon (3/15)

Altars:

Shops:
D:2 *


Message History

The water moccasin is moderately wounded.
The water moccasin closely misses you. The water moccasin barely misses you.
You shoot a sling bullet.
The sling bullet hits the water moccasin but does no damage.
The water moccasin is moderately wounded.
The water moccasin bites you. The water moccasin misses you.
You shoot a sling bullet.
The sling bullet hits the water moccasin.
The water moccasin is moderately wounded.
The water moccasin bites you but does no damage.
The water moccasin bites you.
You shoot a sling bullet.
The sling bullet hits the water moccasin.
The water moccasin is moderately wounded.
The water moccasin bites you.
The water moccasin bites you but does no damage.
You shoot a sling bullet.
The sling bullet closely misses the water moccasin.
The water moccasin bites you but does no damage.
The water moccasin bites you.
You shoot a sling bullet.
The sling bullet misses the water moccasin.
The water moccasin bites you but does no damage. x2
You shoot a sling bullet.
The sling bullet misses the water moccasin.
The water moccasin bites you.
The water moccasin bites you but does no damage.
You shoot a sling bullet.
The sling bullet hits the water moccasin.
The water moccasin is moderately wounded.
The water moccasin barely misses you. x2
You shoot a sling bullet.
The sling bullet hits the water moccasin.
The water moccasin is heavily wounded.
The water moccasin bites you!
You shoot a sling bullet.
The sling bullet hits the water moccasin.
The water moccasin is heavily wounded.
The water moccasin barely misses you. The water moccasin bites you.
You die...

. #.##.# ##### #
#.##.# #.).#.# ##
#.##.# #.#.#.#
... #.##.#
#.#.#.# #.#
#.##.###.#.#.#
...
#........#.#.##.#
#######.##.#.#..#
#..%.#S..#
######%#@######
#.......>.......
#......#########
#......# #......#
#......# #......#
########


You could see a water moccasin.

Vanquished Creatures
  4 adders
  A worm (D:2)
  3 dart slugs
  2 ball pythons (D:1)
  A bat (D:1)
  4 endoplasms
  3 giant cockroaches
  3 goblins (D:1)
  5 hobgoblins
  3 quokkas
  A kobold (D:1)
  4 rats
34 creatures vanquished.

Notes
Turn   | Place    | Note
-------+----------+-------------------------------------------
     0 | D:1      | qw the Gargoyle Hexslinger began the quest for the Orb.
     0 | D:1      | Reached XP level 1. HP: 12/12 MP: 2/2
     0 | D:1      | 0 ||| qw: Version: 0.3-a-46-gb1f654a
     0 | D:1      | 0 ||| qw: Game counter: 1708
     0 | D:1      | 0 ||| qw: Melee chars always use a shield: true
     0 | D:1      | 0 ||| qw: God list: Okawaru
     0 | D:1      | 0 ||| qw: Allow faded altars: false
     0 | D:1      | 0 ||| qw: Do Orc after clearing Dungeon:15 true
     0 | D:1      | 0 ||| qw: Do second Lair branch before Depths: true
     0 | D:1      | 0 ||| qw: Lair rune preference: random
     0 | D:1      | 0 ||| qw: Goals: Normal
     0 | D:1      | 0 ||| PLANNING D:1-11
    15 | D:1      | Found a faded altar of an unknown god.
    93 | D:1      | Reached XP level 2. HP: 16/16 MP: 3/3
   315 | D:1      | Reached skill level 3 in Ranged Weapons
   627 | D:1      | 627 ||| UPGRADING to +0 ring mail.
   637 | D:1      | 637 ||| DROPPING +0 robe.
   638 | D:1      | 638 ||| UPGRADING to amulet of the acrobat.
   643 | D:1      | 643 ||| READING scroll labelled JOTOSK URAS.
   644 | D:1      | 644 ||| READING scroll labelled QIUTTAWKYL.
   657 | D:1      | 657 ||| DROPPING scroll of poison.
   752 | D:2      | Reached XP level 3. HP: 21/21 MP: 4/4
   960 | D:2      | 960 ||| FLEEEEING.
   961 | D:2      | 961 ||| FLEEEEING.
   962 | D:2      | 962 ||| FLEEEEING.
  1203 | D:2      | Found Puyca's Assorted Antiques.
  1211 | D:2      | 1211 ||| BUYING 2 scrolls labelled SEOSUOFIARO (62 gold).
  1211 | D:2      | Bought 2 scrolls labelled SEOSUOFIARO for 62 gold pieces
  1211 | D:2      | 1211 ||| BUYING glowing coppery potion (27 gold).
  1211 | D:2      | Bought a glowing coppery potion for 27 gold pieces
  1211 | D:2      | 1211 ||| SHOPLISTING iron wand (124 gold, have 37).
  1211 | D:2      | 1211 ||| SHOPLISTING large peridot ring (155 gold, have
                  | 37).
  1211 | D:2      | 1211 ||| SHOPLISTING pair of gloves (139 gold, have 37).
  1211 | D:2      | 1211 ||| SHOPLISTING runed ring mail (217 gold, have 37).
  1211 | D:2      | 1211 ||| BUYING scroll labelled LIUGIJ XYIJI (31 gold).
  1211 | D:2      | Bought a scroll labelled LIUGIJ XYIJI for 31 gold pieces
  1348 | D:2      | 1348 ||| UPGRADING to +0 pair of boots.
  1353 | D:2      | 1353 ||| READING 2 scrolls labelled XOKLIFID JYXTA.
  1354 | D:2      | 1354 ||| READING 2 scrolls labelled SEOSUOFIARO.
  1355 | D:2      | 1355 ||| READING scroll labelled LIUGIJ XYIJI.
  1356 | D:2      | 1356 ||| READING scroll labelled HUADOV ITUINN.
  1357 | D:2      | 1357 ||| DROPPING scroll of fear.
  1358 | D:2      | 1358 ||| DROPPING scroll of noise.
  1379 | D:3      | Reached skill level 1 in Armour
  1379 | D:3      | Reached XP level 4. HP: 26/26 MP: 5/5
  1427 | D:3      | Reached skill level 4 in Ranged Weapons
  1473 | D:3      | Noticed a water moccasin
  1487 | D:3      | HP: 3/26 [water moccasin (7)]
  1488 | D:3      | Slain by a water moccasin

Levels and vault maps discovered:
D:1:      saegor_arrival_simple_a, layout_loops_ring,
          shapermc_ecumenical_altar_venn
D:2:      layout_loops_cross, serial_shops, nicolae_shop_overgrown_old_shop
D:3:      layout_basic, minmay_circle_x, uniq_natasha, uniq_robin

Skill      XL: |  1  2  3  4 |
---------------+-------------+-----
Ranged Weapons | 3 4 |  4.0
Fighting       | 2 |  2.0
Armour         | 1 |  1.0
Dodging        | |  1.5
Spellcasting   | |  1.0
Hexes          | |  2.6

Action                     |  1- 3 |  4- 6 || total
---------------------------+-------+-------++-------
   Fire: Sling             |    99 |    41 ||   140
    Use: Scroll            |     6 |       ||     6
 Armour: Robe              |     8 |       ||     8
         Ring mail         |    12 |    18 ||    30
  Dodge: Dodged            |    17 |    24 ||    41

Table legend:
 A = Non-vault XP
 B = Vault XP
 C = Vault XP percentage of total XP
 D = Non-vault monster count
 E = Vault monster count
 F = Vault count percentage of total count
                 A         B        C        D         E       F
            +---------+---------+-------+---------+---------+-------
      Total |     116 |       0 |   0.0 |      34 |       0 |   0.0
            +---------+---------+-------+---------+---------+-------
        D:1 |      29 |       0 |   0.0 |      14 |       0 |   0.0
        D:2 |      41 |       0 |   0.0 |      14 |       0 |   0.0
        D:3 |      46 |       0 |   0.0 |       6 |       0 |   0.0
            +---------+---------+-------+---------+---------+-------
